 Dungeon Crawl Stone Soup version 0.26-a0-639-g72c4674329 (webtiles) character file.

Game seed: 17491712321074005028

(classic levelgen) 189 EnegeticOcto the Shield-Bearer (level 5, -6/49 HPs)
             Began as a Deep Dwarf Fighter on Sept 28, 2020.
             Killed by divine providence
             ... invoked by an orc priest
              (14 damage)
             ... on level 4 of the Dungeon.
             The game lasted 00:00:47 (1445 turns).

EnegeticOcto the Shield-Bearer (Deep Dwarf Fighter) Turns: 1445, Time: 00:00:48

Health: -6/49      AC:  8    Str: 21    XL:     5   Next: 40%
Magic:  5/5        EV:  5    Int:  8    God:
Gold:   141        SH: 14    Dex: 12    Spells: 4/4 levels left

rFire    + . .     SeeInvis .   a - +0 war axe
rCold    . . .     Faith    .   g - +0 tower shield
rNeg     . . .     Spirit   .   b - +0 scale mail
rPois    .         Reflect  .   (no helmet)
rElec    .         Harm     .   (no cloak)
rCorr    .         Rampage  .   m - +0 pair of gloves
MR       .....                  (no boots)
Stlth    ..........             (no amulet)
HPRegen  0.00/turn              f - ring of protection from fire
MPRegen  0.09/turn              (no ring)

@: non-regenerating
A: damage resistance, heal wounds, sense surroundings 1, no regeneration
a: Heal Wounds


You were on level 4 of the Dungeon.
You visited 1 branch of the dungeon, and saw 4 of its levels.

You collected 141 gold pieces.

Inventory:

Hand Weapons
 a - a +0 war axe (weapon)
Armour
 b - a +0 scale mail (worn)
 c - a +0 kite shield
 g - a +0 tower shield (worn)
 m - a +0 pair of gloves (worn)
Jewellery
 f - a ring of protection from fire (left hand)
 h - an uncursed ring of positive energy {unknown}
Scrolls
 e - 4 scrolls of identify {unknown}
 i - 2 scrolls of blinking {unknown}
 j - a scroll of remove curse {unknown}
 l - 2 scrolls of fog {unknown}
 o - a scroll of enchant weapon {unknown}
 q - 2 scrolls of teleportation {unknown}
Potions
 d - a potion of might {@q3}
 k - a potion of brilliance {unknown}
 n - 2 potions of heal wounds {@q2}
 p - a potion of lignification {unknown}
 r - 3 potions of stabbing {unknown}


   Skills:
 + Level 3.3 Fighting
 * Level 4.1 Axes
 + Level 4.0 Armour
 * Level 4.7 Shields


You had 4 spell levels left.
You didn't know any spells.
Your spell library was empty.

Dungeon Overview and Level Annotations

Branches:
Dungeon (4/15)
 Temple: D:4-7

Altars:
Qazlal
Ru
Xom


Innate Abilities, Weirdness & Mutations

You are resistant to damage.
You can heal yourself by infusing magical energy.
You passively map a small area around you.
You do not regenerate.


Message History

You slash the orc priest!
You kill the orc priest!
Your Axes skill increases to level 4!
Your Armour skill increases to level 4!
You closely miss the orc wizard.
The orc wizard hits you but does no damage.
The orc priest looks encouraged for a moment.
You block the orc wizard's attack.
A dart slug comes into view.
You hit the orc wizard.
The orc wizard is moderately wounded.
You block the orc wizard's attack.
The orc priest calls down the wrath of Beogh upon you.
Beogh smites you! The orc hits you but does no damage.
You hit the orc wizard.
The orc wizard is moderately wounded.
You barely miss the iguana. You slash the orc!
You kill the orc!
The orc wizard casts a spell.
The orc wizard blinks!
The orc wizard casts a spell at you.
You easily resist.
The iguana barely misses you. You block the orc priest's attack.
You hit the orc priest.
The orc priest is moderately wounded.
You barely miss the iguana.
The orc wizard gestures wildly while chanting.
The orc wizard blinks!
The iguana barely misses you. The orc priest hits you with a +0 whip.
You hit the orc priest but do no damage.
The orc priest is moderately wounded.
You hit the iguana but do no damage.
The orc wizard casts a spell.
The orc wizard blinks!
You block the iguana's attack. You block the orc priest's attack.
You block the iguana's attack.
You closely miss the orc priest.
The orc priest is moderately wounded.
Your scale mail prevents you from hitting the iguana.
You block the orc priest's attack. The iguana bites you.
You block the orc priest's attack.
You closely miss the orc priest.
The orc priest is moderately wounded.
You closely miss the iguana. You block the iguana's attack.
The orc priest hits you but does no damage.
The dart slug launches a dart at you. The slug dart hits you.
The iguana bites you.
You hit the orc priest but do no damage.
The orc priest is moderately wounded.
You hit the iguana.
The orc priest mumbles some strange prayers to Beogh against you.
Beogh smites you!
The iguana bites you but does no damage.
The orc priest hits you with a +0 whip.
You barely miss the orc priest.
The orc priest is moderately wounded.
You hit the iguana but do no damage. You hit the dart slug.
You block the iguana's attack. The orc priest hits you with a +0 whip.
The dart slug closely misses you.
You slash the dart slug!
You kill the dart slug!
You closely miss the orc priest. You hit the iguana.
The orc wizard gestures at you while chanting.
You easily resist.
You block the iguana's attack.
The orc priest calls upon Beogh to heal the orc wizard.
The orc wizard's wounds heal themselves!
You block the iguana's attack.
The orc priest hits you but does no damage.
You slash the orc priest!
The orc priest is severely wounded.
You hit the iguana.
The orc wizard hits you with a +2 dagger of electrocution.
You are electrocuted!
* * * LOW HITPOINT WARNING * * *
You block the iguana's attack. The orc priest completely misses you.
You are too injured to fight recklessly!
You are too injured to fight recklessly!
You are too injured to fight recklessly!
You are too injured to fight recklessly!
You are too injured to fight recklessly!
You are too injured to fight recklessly!
You are too injured to fight recklessly!
You are too injured to fight recklessly!
You are too injured to fight recklessly!
You are too injured to fight recklessly!
You are too injured to fight recklessly!
You are too injured to fight recklessly!
You are too injured to fight recklessly!
You are too injured to fight recklessly!
You are too injured to fight recklessly!
You are too injured to fight recklessly!
You are too injured to fight recklessly!
You are too injured to fight recklessly!
You are too injured to fight recklessly!
You are too injured to fight recklessly!
You fail to use your ability.
You block the orc wizard's attack.
The iguana bites you but does no damage.
The orc wizard mumbles some strange words.
The orc wizard blinks!
The orc priest mumbles some strange prayers to Beogh against you.
Beogh smites you!
You die...

.............##..#.#....##.
,
#............##.##......##.
, ,
#.......####...............
..........#..#.....<.......
.............##............
.......###....#............
.......####................
...#....l.o..#............
......§@..##.#########. ,
......o##†##.#
,..#....,.....#,,, ,
.......##....# , , .......
####.#, .#.##<. , .#, * ##
#.. , #, , #.# ,, 8 , ,


You could see an iguana, an orc priest and an orc wizard (fast).

Vanquished Creatures
  A gnoll sergeant (D:4)
  An orc priest (D:4)
  Terence (D:3)
  An adder (D:4)
  3 gnolls (D:4)
  An ooze (D:3)
  A worm (D:3)
  A dart slug (D:4)
  2 leopard geckos (D:4)
  4 orcs
  A giant cockroach (D:2)
  A goblin (D:1)
  A hobgoblin (D:2)
  4 kobolds
  A ball python (D:2)
  2 bats (D:2)
  A frilled lizard (D:3)
  A rat (D:2)
28 creatures vanquished.

Notes
Turn   | Place    | Note
-------+----------+-------------------------------------------
     0 | D:1      | EnegeticOcto the Deep Dwarf Fighter began the quest for the
                  | Orb.
     0 | D:1      | Reached XP level 1. HP: 20/20 MP: 1/1
   277 | D:2      | You fall into a shaft and drop 1 floor!
   345 | D:3      | Found a stormy altar of Qazlal.
   357 | D:3      | Reached XP level 2. HP: 24/27 MP: 2/2
   372 | D:3      | Found a shimmering altar of Xom.
   374 | D:3      | Found a shimmering altar of Xom.
   809 | D:2      | Found a sacrificial altar of Ru.
   962 | D:3      | Noticed Terence
   971 | D:3      | Killed Terence
   971 | D:3      | Reached XP level 3. HP: 30/34 MP: 3/3
  1006 | D:3      | Found a shimmering altar of Xom.
  1006 | D:3      | Found a shimmering altar of Xom.
  1267 | D:4      | Noticed a gnoll sergeant
  1281 | D:4      | Reached XP level 4. HP: 40/42 MP: 4/4
  1292 | D:4      | Killed a gnoll sergeant
  1292 | D:4      | Reached XP level 5. HP: 24/49 MP: 5/5
  1445 | D:4      | Killed from afar by an orc priest

Illustrated notes

Levels and vault maps discovered:
D:1:      ebering_hopf_link, layout_basic, minmay_tree_intersection,
          corexii_leaking_fountain, due_unseen_surprise
D:2:      layout_loops_corners, nicolae_ru_path_of_blood
D:3:      layout_basic, overflow_temple_1_default, grunt_decor_mini_mirrors,
          xom_redecorated, uniq_terence
D:4:      kennysheep_the_goblin_king, layout_cave_pools

Skill      XL: |  1  2  3  4  5 |
---------------+----------------+-----
Fighting       | 3 |  3.3
Axes           | 3 4 |  4.1
Shields        | 4 |  4.7
Armour         | 4 |  4.0

Action                   |  1- 3 |  4- 6 || total
-------------------------+-------+-------++-------
Melee: War axe           |    74 |    35 ||   109
 Abil: Heal Wounds       |     1 |     1 ||     2
Armor: Scale mail        |    23 |    13 ||    36
Dodge: Dodged            |     6 |    10 ||    16
Block: Tower shield      |    64 |    33 ||    97
       Kite shield       |     2 |       ||     2

Table legend: (Time is in decaauts)
 A = Elapsed time spent in this place.
 B = Non-inter-level travel time spent in this place.
 C = Inter-level travel time spent in this place.
 D = Time resting spent in this place.
 E = Time spent auto-exploring this place.
 F = Levels seen in this place.
 G = Mean time per level.
                   A        B        C        D        E       F      G
               +--------+--------+--------+--------+--------+-----+--------+
         Total |   1499 |   1391 |    108 |      0 |   1121 |   4 |  374.8 |
       Dungeon |   1499 |   1391 |    108 |      0 |   1121 |   4 |  374.8 |
               +--------+--------+--------+--------+--------+-----+--------+

Top non-repeatable levels by time:
     D:2: 711 daAuts
     D:3: 421 daAuts
     D:4: 260 daAuts
     D:1: 106 daAuts
